 Dungeon Crawl Stone Soup version 0.31-a0-149-g3fdcc5976a (webtiles) character file.

Game seed: 10417428109365716515

296 qw the Shooter (level 6, -1/53 HPs)
             Began as a Minotaur Hunter on June 7, 2023.
             Was an Initiate of Okawaru.
             Slain by a gnoll
             ... wielding a +0 spear
             ... led by a gnoll bouda
              (2 damage)
             ... on level 4 of the Dungeon.
             The game lasted 00:01:03 (2536 turns).

qw the Shooter (Minotaur Hunter)                    Turns: 2536, Time: 00:01:04

Health: -1/53      AC:  6    Str: 15    XL:     6   Next: 12%
Magic:  5/5        EV: 11    Int:  6    God:    Okawaru [......]
Gold:   252        SH:  0    Dex: 16    Spells: 5/5 levels left

rFire   . . .        Y - +1 shortbow
rCold   . . .        (shield currently unavailable)
rNeg    . . .        g - +0 ring mail
rPois   +            (helmet restricted)
rElec   .            (no cloak)
rCorr   .            (no gloves)
SInv    .            e - +0 pair of boots
Will    .....        (no amulet)
Stlth   +            f - ring of poison resistance
HPRegen 0.28/turn    (no ring)
MPRegen 0.09/turn

%: no passive effects
@: weakened
A: horns 2, retaliatory headbutt
a: Renounce Religion


You were on level 4 of the Dungeon.
You worshipped Okawaru.
Okawaru was noncommittal.
You visited 1 branch of the dungeon, and saw 4 of its levels.

You collected 252 gold pieces.


Innate Abilities, Weirdness & Mutations

You have a pair of horns on your head.
You reflexively headbutt those who attack you in melee.


   Skills:
 - Level 4.3 Fighting
 + Level 7.3 Ranged Weapons
 - Level 1.1 Armour
 - Level 2.1 Dodging
 - Level 0.7 Stealth


You had 5 spell levels left.
You didn't know any spells.
Your spell library was empty.

Inventory:

Hand Weapons
 Y - a +1 shortbow (weapon)
Armour
 e - a +0 pair of boots (worn)
 g - a +0 ring mail (worn)
Jewellery
 f - a ring of poison resistance (left hand)
Potions
 a - a potion of curing
 d - a potion of enlightenment {unknown}
 h - a potion of resistance {unknown}
 j - a potion of degeneration {unknown}

Dungeon Overview and Level Annotations

Branches:
Dungeon (4/15)
 Temple: D:4-7

Altars:
Cheibriados
Hepliaklqana
Okawaru
Sif Muna
Xom

Shops:
D:3 (

Annotations:
D:2 1 runed translucent door, Crazy Yiuf


Message History

The gnolls pick up the pace!
You shoot an arrow. The arrow hits the gnoll.
The gnoll is almost dead.
The gnoll barely misses you.
You shoot an arrow.
The arrow hits the gnoll bouda but does no damage.
The gnoll closely misses you. The gnoll bouda barely misses you.
You furiously retaliate!
You headbutt the gnoll bouda. The gnoll hits you but does no damage.
You shoot an arrow.
The arrow barely misses the gnoll bouda.
The arrow barely misses the gnoll.
The gnoll closely misses you.
The gnoll bouda hits you with a +0 whip.
The gnoll hits you but does no damage. The gnoll hits you with a +0 whip.
You shoot an arrow. The arrow hits the gnoll bouda.
The gnoll bouda is moderately wounded.
The gnoll hits you from afar with a +0 spear.
The gnoll bouda hits you with a +0 whip!
The gnoll hits you from afar with a +0 spear.
The gnoll hits you with a +0 whip.
You shoot an arrow.
The arrow closely misses the gnoll bouda.
The arrow hits the gnoll.
The gnoll is moderately wounded.
The gnoll barely misses you.
The gnoll hits you from afar with a +0 spear.
The gnoll hits you with a +0 whip.
You shoot an arrow. The arrow hits the gnoll bouda.
The gnoll bouda is moderately wounded.
The gnoll hits you but does no damage.
The gnoll bouda gazes fiercely through you!
You feel your attacks grow feeble. The gnoll bouda barely misses you.
The gnoll misses you. The gnoll closely misses you.
The gnoll bouda gazes fiercely through you!
You feel as though you will be weak longer.
The gnoll bouda hits you but does no damage.
The gnoll hits you from afar with a +0 spear.
You die...

#..........#####%#
...........'...>.#
...........####..#
...........# #..#
...........# #..#
.##.#'#....# #..#
.##.#.#....# #..#
.##.#.#...## #..#
.#..#.#...# #g@# #
.#.##.##..#
#g.#.#.### .#. ...
.## #.gg.gg... #.
._. .# #.#)##.###
.. #.#.# #.#.#
#.#.# #.#.# #.#.#


You could see a gnoll bouda and 3 gnolls.

Vanquished Creatures
  A scorpion (D:4)
  Terence (D:2)
  Natasha (D:3)
  9 gnolls
  An adder (D:2)
  4 worms
  4 dart slugs
  2 orcs
  8 ball pythons
  2 endoplasms
  A giant cockroach (D:3)
  3 goblins
  7 jackals
  4 quokkas
  9 bats
  5 frilled lizards
  7 kobolds
  6 rats
  A spectral kobold (D:3)
76 creatures vanquished.

Notes
Turn   | Place    | Note
-------+----------+-------------------------------------------
     0 | D:1      | qw the Minotaur Hunter began the quest for the Orb.
     0 | D:1      | Reached XP level 1. HP: 18/18 MP: 0/0
     0 | D:1      | 0 ||| qw: Version: 0.2-a-117-gc6b5c8b
     0 | D:1      | 0 ||| qw: Game counter: 2680
     0 | D:1      | 0 ||| qw: Always use a shield: true
     0 | D:1      | 0 ||| qw: God list: Okawaru
     0 | D:1      | 0 ||| qw: Allow faded altars: false
     0 | D:1      | 0 ||| qw: Do Orc after D:15 true
     0 | D:1      | 0 ||| qw: Do second Lair branch before Depths: true
     0 | D:1      | 0 ||| qw: Lair rune preference: random
     0 | D:1      | 0 ||| qw: Plans: Normal
     0 | D:1      | 0 ||| PLANNING D:1-11
     6 | D:1      | Noticed a lindwurm
     6 | D:1      | Noticed a killer bee
     6 | D:1      | Noticed an anaconda
     7 | D:1      | Noticed a black bear
     7 | D:1      | Noticed a swamp drake
   140 | D:1      | Reached XP level 2. HP: 25/25 MP: 1/1
   151 | D:1      | Reached skill level 5 in Ranged Weapons
   319 | D:1      | Reached skill level 3 in Fighting
   487 | D:1      | 487 ||| UPGRADING to +0 pair of boots.
   492 | D:1      | 492 ||| READING scroll labelled ESCHAUX UHIXO.
   493 | D:1      | 493 ||| READING scroll labelled NEPHIU SYNI.
   494 | D:1      | 494 ||| READING scroll labelled GANOTO KYIBEU.
   495 | D:1      | 495 ||| DROPPING scroll of butterflies.
   556 | D:2      | Reached XP level 3. HP: 31/31 MP: 2/2
   600 | D:2      | Reached skill level 6 in Ranged Weapons
   600 | D:2      | Reached XP level 4. HP: 34/38 MP: 3/3
   600 | D:2      | 600 ||| FLEEEEING.
   601 | D:2      | 601 ||| FLEEEEING.
   602 | D:2      | 602 ||| FLEEEEING.
   603 | D:2      | 603 ||| FLEEEEING.
   607 | D:2      | 607 ||| FLEEEEING.
   612 | D:2      | 612 ||| FLEEEEING.
   613 | D:2      | 613 ||| FLEEEEING.
   614 | D:2      | 614 ||| FLEEEEING.
   643 | D:2      | Reached skill level 1 in Armour
   804 | D:2      | Found a runed translucent door.
   805 | D:2      | Noticed Crazy Yiuf
   969 | D:2      | Found a faded altar of an unknown god.
  1207 | D:2      | Noticed Terence
  1223 | D:2      | HP: 10/40 [Terence/+0 short sword (5)]
  1224 | D:2      | HP: 3/40 [Terence/+0 short sword (7)]
  1229 | D:2      | HP: 3/40 [Terence/+0 short sword (1)]
  1231 | D:2      | Killed Terence
  1232 | D:2      | Reached XP level 5. HP: 2/47 MP: 4/4
  1578 | D:2      | 1578 ||| UPGRADING to ring of poison resistance.
  1579 | D:2      | 1579 ||| READING scroll labelled NUVO WAOPE.
  1580 | D:2      | 1580 ||| READING scroll labelled SOZIPSYXTI.
  1581 | D:2      | 1581 ||| READING scroll labelled TYXUCA MIETHRY.
  1730 | D:3      | Found a snail-covered altar of Cheibriados.
  1754 | D:3      | Found Okkesk's Antique Weapon Emporium.
  1815 | D:3      | Found a hazy altar of Hepliaklqana.
  2070 | D:3      | Found an iron altar of Okawaru.
  2071 | D:3      | 2071 ||| PLANNING OKAWARU WORSHIP
  2071 | D:3      | 2071 ||| UPGRADING to +0 ring mail.
  2081 | D:3      | 2081 ||| DROPPING +0 leather armour.
  2082 | D:3      | 2082 ||| READING scroll labelled NIECOB TUPISI.
  2083 | D:3      | 2083 ||| DRINKING 2 dark potions.
  2087 | D:3      | Became a worshipper of Warmaster Okawaru
  2087 | D:3      | 2087 ||| PLANNING D:1-11
  2097 | D:3      | Found a shimmering altar of Xom.
  2267 | D:3      | Noticed Natasha
  2280 | D:3      | Killed Natasha
  2464 | D:4      | Found a shimmering blue altar of Sif Muna.
  2475 | D:4      | Reached skill level 7 in Ranged Weapons
  2475 | D:4      | Reached XP level 6. HP: 53/53 MP: 5/5
  2527 | D:4      | 2527 ||| Stepping ~*~*~tactically~*~*~ (outnumbered).
  2528 | D:4      | 2528 ||| Stepping ~*~*~tactically~*~*~ (outnumbered).
  2534 | D:4      | HP: 12/53 [gnoll/+0 spear[a gnoll bouda] (2)]
  2535 | D:4      | HP: 1/53 [gnoll/+0 whip[a gnoll bouda] (5)]
  2536 | D:4      | Slain by a gnoll

Levels and vault maps discovered:
D:1:      onia_arrival_zoo_common, layout_basic
D:2:      layout_loops_cross, dilly_ecumenical_altar_fadedgnrine, uniq_terence,
          uniq_crazy_yiuf_cottage
D:3:      layout_loops_ring, slow_altar_1, amethyst_overflow_temple_binary,
          nicolae_hepliaklqana_monster_ancestors, serial_shops, shop,
          kennysheep_generic_room_11, uniq_natasha
D:4:      layout_basic, mainiacjoe_overflow_surrounded_room

Skill      XL: |  1  2  3  4  5 |
---------------+----------------+-----
Ranged Weapons | 5 6 7 |  7.3
Fighting       | 3 4 |  4.3
Armour         | 1 |  1.1
Dodging        | |  2.1
Stealth        | |  0.7

Action                     |  1- 3 |  4- 6 || total
---------------------------+-------+-------++-------
   Fire: Shortbow          |    70 |   176 ||   246
    Use: Scroll            |     3 |     4 ||     7
         Potion            |       |     1 ||     1
 Armour: Leather armour    |    12 |    12 ||    24
         Ring mail         |       |    19 ||    19
  Dodge: Dodged            |    33 |    59 ||    92

Table legend:
 A = Non-vault XP
 B = Vault XP
 C = Vault XP percentage of total XP
 D = Non-vault monster count
 E = Vault monster count
 F = Vault count percentage of total count
                 A         B        C        D         E       F
            +---------+---------+-------+---------+---------+-------
      Total |     345 |      78 |  18.4 |      70 |       6 |   7.9
            +---------+---------+-------+---------+---------+-------
        D:1 |      31 |       0 |   0.0 |      18 |       0 |   0.0
        D:2 |     146 |      36 |  19.8 |      26 |       1 |   3.7
        D:3 |      45 |      42 |  48.3 |      21 |       5 |  19.2
        D:4 |     123 |       0 |   0.0 |       5 |       0 |   0.0
            +---------+---------+-------+---------+---------+-------
